Map: Moonlight Madness LE (Void)

Players

eDxX

  • Race: Terran Terran
  • League: Platinum

Cheticus - Winner!

  • Race: Zerg Zerg
  • League: Platinum

VOD

Have the link to the VOD?

Description

Time

  • Played on: Aug. 10, 2015, 5:58 p.m.
  • Length: 19:37
Show
View Real Time Build Order
Export as new Build Order

eDxX Terran 

Build Orders: Bio Tank 

Get SALT Encoding   

  12  0:00  SCV  
  13  0:13  SCV  
  14  0:18  Supply Depot  
  14  0:25  SCV  
  15  0:39  SCV  
  15  0:41  Barracks  
  16  0:45  Refinery  
  16  0:51  SCV  
  17  1:04  SCV  
  18  1:16  SCV  
  19  1:28  Orbital Command  
  19  1:29  Reaper  
  19  1:31  Supply Depot  
  20  1:54  SCV  
  21  2:00  Command Center  
  21  2:01  Reaper  
  22  2:07  SCV  
  23  2:22  Factory  
  23  2:27  SCV  
  23  2:42  Reaper  
  24  2:44  SCV, Refinery  
  25  2:51  Command Center  
  25  2:56  SCV  
  26  3:15  Hellion  
  26  3:17  Orbital Command  
  28  3:22  Barracks Reactor  
  28  3:25  SCV, Bunker  
  28  3:26  Supply Depot  
  29  3:31  Starport  
  29  3:37  SCV, Supply Depot  
  30  3:49  SCV x2  
  31  4:01  SCV  
  32  4:04  SCV  
  32  4:09  Barracks Tech Lab, Hellion x2  
  37  4:10  Starport Tech Lab  
  37  4:13  Orbital Command  
  37  4:17  SCV  
  37  4:20  Supply Depot  
  38  4:30  SCV  
  38  4:31  Hellion x2  
  43  4:33  Supply Depot  
  43  4:37  Banshee  
  43  4:38  Cloaking Field  
  46  4:40  SCV  
  47  4:52  Stimpack, Marauder  
  49  4:53  SCV x3  
  52  5:02  Supply Depot  
  52  5:05  SCV x2, Refinery x2  
  52  5:07  Widow Mine x2  
  55  5:24  Viking, Marauder  
  55  5:26  SCV  
  55  5:27  Barracks  
  55  5:28  SCV, Barracks  
  60  5:37  SCV  
  60  5:42  SCV x2  
  63  5:45  Hellion x2  
  63  5:48  Engineering Bay  
  63  5:49  SCV, Engineering Bay  
  68  5:54  SCV x2  
  70  6:01  SCV  
  71  6:06  SCV  
  72  6:17  Terran Infantry Weapons Level 1, Terran Infantry Armor Level 1  
  72  6:19  SCV x2  
  72  6:20  Supply Depot  
  72  6:23  SCV  
  72  6:25  Factory Tech Lab  
  75  6:31  SCV x2  
  77  6:35  SCV  
  78  6:42  Barracks Reactor, Starport Reactor  
  78  6:45  Factory  
  78  6:46  Supply Depot, Marine  
  79  6:49  Supply Depot  
  79  6:50  SCV x3, Refinery, Barracks  
  79  6:52  Refinery, Barracks  
  79  6:53  Missile Turret  
  82  6:56  Marine  
  82  6:57  Siege Tank  
  86  7:02  SCV x3  
  86  7:04  Marine  
  90  7:09  Barracks  
  90  7:14  SCV x2, Marine  
  93  7:16  SCV  
  93  7:21  Supply Depot x2  
  93  7:22  Marine  
  95  7:25  Medivac  
  95  7:26  Combat Shields, Medivac  
  99  7:30  Armory  
  99  7:31  Factory Tech Lab  
  99  7:32  Marine  
  99  7:33  Supply Depot, Siege Tank, Marine x2  
  99  7:34  Supply Depot  
  105  7:40  Marauder  
  103  7:49  Marine  
  104  7:52  SCV x2  
  104  7:57  Barracks Reactor x2  
  106  7:59  Missile Turret  
  106  8:00  Supply Depot  
  106  8:01  Marine  
  106  8:02  Marine x2  
  106  8:03  Command Center  
  106  8:05  Supply Depot  
  107  8:16  Siege Tank  
  107  8:17  Siege Tank  
  113  8:22  Marine x2  
  113  8:23  Terran Infantry Weapons Level 2, Terran Infantry Armor Level 2  
  113  8:24  Marine  
  113  8:25  Barracks, Medivac x2  
  113  8:26  Marine  
  121  8:28  SCV  
  121  8:29  Barracks  
  121  8:30  SCV x2, Barracks  
  124  8:35  Terran Vehicle Weapons Level 1  
  124  8:36  Supply Depot  
  124  8:39  Marine  
  125  8:49  SCV  
  125  8:50  SCV  
  125  8:52  SCV  
  128  9:04  Marine x3  
  128  9:08  SCV x2  
  130  9:10  Marine  
  130  9:11  Marine  
  132  9:20  Siege Tank x2, Medivac x2  
  132  9:23  Marine  
  143  9:24  Supply Depot  
  143  9:27  Marine x2  
  143  9:28  Marauder, Marine x2  
  143  9:29  Marine x2  
  151  9:32  Barracks Reactor  
  151  9:34  Barracks Reactor  
  145  9:41  Marine  
  146  9:46  Marauder  
  146  9:50  Medivac x2  
  146  9:51  Marine x2  
  146  9:52  Siege Tank  
  154  9:53  Marine x2  
  154  9:54  Marine x2  
  154  10:02  Marine x2  
  156  10:08  Marine x2  
  156  10:09  Marine x2, Siege Tank, Marauder  
  156  10:11  Marine  
  166  10:17  Marine x3  
  166  10:18  Marine  
  166  10:20  Barracks Tech Lab, Medivac x2  
  166  10:21  Marauder  
  176  10:24  Siege Tank  
  179  10:30  Marauder  
  178  10:36  Marine  
  178  10:41  Siege Tank  
  182  10:45  Marine x2  
  182  10:46  Marauder x2, Marine x3  
  191  10:50  Missile Turret, Medivac  
  191  10:52  Missile Turret  
  191  10:54  Missile Turret  
  191  10:56  Siege Tank  
  162  11:05  Planetary Fortress  
  162  11:06  Marauder, Marine x3  
  162  11:08  Marauder x2  
  162  11:10  Marine x2  
  171  11:12  Marine  
  171  11:13  Siege Tank, Marine  
  176  11:20  Marine x2  
  176  11:21  Marine  
  176  11:22  Sensor Tower, Missile Turret  
  176  11:24  Marine x2  
  181  11:27  Marine  
  181  11:28  Marine x2, Marauder  
  181  11:29  Marauder, Marine  
  181  11:30  Marine  
  190  11:44  Refinery x2  
  190  11:47  Marauder  
  190  11:53  Sensor Tower  
  192  12:10  Sensor Tower, Missile Turret  
  192  12:11  Terran Infantry Weapons Level 3  
  192  12:18  Marine x2  
  194  12:24  Marine x2  
  194  12:28  Terran Vehicle Weapons Level 2, Terran Infantry Armor Level 3  
  196  12:41  Marine  
  196  12:42  Marine x2  
  196  12:43  Marine  
  196  12:44  Marine x2  
  196  12:45  Marine x2  
  196  12:54  Supply Depot  
  196  12:55  Supply Depot  
  196  12:59  Marine x2  
  196  13:01  Command Center  
  196  13:04  Marine x2  
  196  13:05  Marine  
  196  13:16  Marine x4  
  200  13:21  Marauder  
  200  13:22  Medivac  
  198  13:33  Marine  
  198  13:34  Marauder  
  187  13:35  Siege Tank  
  180  13:46  Marine x3  
  180  13:47  Marauder  
  178  13:49  Marine  
  174  14:04  Orbital Command  
  173  14:12  Siege Tank, Marine x8  
  184  14:24  Orbital Command  
  167  14:53  Supply Depot, Factory  
  167  14:54  Supply Depot  
  167  14:55  Supply Depot, Starport Tech Lab  
  167  14:56  Barracks  
  167  14:59  Barracks  
  153  15:08  Orbital Command  
  153  15:17  Missile Turret x2, Marine x2  
  153  15:20  Terran Vehicle Weapons Level 3  
  155  15:22  Orbital Command  
  155  15:32  Refinery  
  155  15:36  Refinery  
  155  15:37  Sensor Tower  
  155  15:51  Supply Depot, Barracks Tech Lab, Starport  
  155  15:52  Supply Depot  
  155  15:53  Starport  
  155  15:57  Barracks Tech Lab  
  155  16:01  Supply Depot  
  155  16:06  Supply Depot  
  155  16:10  Missile Turret  
  155  16:12  Banshee, SCV  
  155  16:13  Marauder x2  
  155  16:14  SCV x2, Marine x6  
  155  16:16  SCV, Fusion Core, Marine x2  
  171  16:23  Marine x2  
  173  16:31  Marine x6  
  173  16:32  Missile Turret  
  173  16:34  Marauder x2, Marine x2  
  169  16:41  Marine x2  
  154  16:52  Marine  
  154  16:53  Siege Tank, Marine x3  
  154  16:54  Marine x4  
  129  16:55  Marauder x2, Orbital Command  
  129  16:58  Marine  
  129  16:59  Marine  
  132  17:08  Banshee, Weapon Refit  
  131  17:10  Supply Depot, Marine x2  
  131  17:13  Marine x3  
  136  17:17  Marauder x2  
  140  17:25  Siege Tank  
  140  17:28  Marine x2  
  145  17:34  Marine x2  
  146  17:38  Marauder x2  
  150  17:44  Marine x2, Orbital Command  
  150  17:46  Marine  
  150  17:47  Marine  
  150  17:49  Marine  
  143  17:59  Siege Tank, Marine x3  
  143  18:00  Medivac, Marauder x2  
  140  18:21  Marauder x2  
  140  18:24  Marine x3  
  147  18:28  SCV x2  
  147  18:30  Medivac  
  125  18:42  Marauder  
  125  18:47  Marine  
  125  18:48  Marauder, Marine  
  131  18:57  Marine  
  131  18:58  Marine x2  
  134  19:04  Marauder  
Show
View Real Time Build Order
Export as new Build Order

Cheticus Zerg - Winner!

Build Orders: Hatch First, Lurkers 

Get SALT Encoding   

  12  0:01  Drone  
  13  0:10  Drone  
  14  0:34  Hatchery  
  13  0:39  Drone  
  14  0:47  Overlord  
  14  0:57  Extractor x2  
  14  0:58  Drone x2  
  16  1:05  Drone  
  17  1:15  Spawning Pool  
  17  1:18  Drone  
  17  1:28  Extractor  
  17  1:29  Drone  
  17  1:35  Drone  
  18  1:46  Drone  
  19  1:47  Drone  
  20  1:55  Drone  
  20  1:57  Drone  
  22  2:04  Queen x2  
  26  2:08  Zergling x2  
  26  2:10  Zergling x2  
  28  2:16  Overlord  
  28  2:25  Overlord  
  28  2:35  Drone x2  
  29  2:38  Metabolic Boost  
  29  2:57  Drone x4  
  32  3:06  Drone x2  
  32  3:11  Drone  
  34  3:15  Drone x7  
  34  3:16  Drone  
  42  3:29  Hatchery  
  41  3:37  Roach Warren  
  41  3:39  Extractor  
  41  3:40  Extractor  
  38  3:58  Drone x3  
  38  4:02  Drone x3  
  44  4:03  Overlord x2  
  44  4:06  Overlord  
  44  4:19  Overlord  
  44  4:25  Roach x5  
  44  4:30  Lair  
  54  4:36  Roach x5  
  63  4:53  Zergling x18  
  72  5:04  Drone  
  72  5:05  Drone x2  
  75  5:16  Overlord  
  73  5:44  Drone x7  
  73  5:45  Drone  
  73  5:46  Spore Crawler, Extractor x2  
  73  5:47  Hydralisk Den  
  73  5:48  Spore Crawler  
  73  5:49  Drone, Extractor  
  76  5:50  Queen x2  
  74  6:11  Drone x3  
  74  6:12  Drone x3  
  74  6:16  Spore Crawler  
  79  6:24  Overseer  
  76  6:33  Drone x3  
  76  6:34  Drone x10  
  86  6:42  Drone  
  86  6:56  Hatchery  
  86  6:58  Overlord  
  85  7:04  Lurker Den  
  80  7:17  Drone x9  
  80  7:20  Glial Reconstitution  
  89  7:24  Drone x7  
  89  7:25  Evolution Chamber, Drone  
  89  7:28  Evolution Chamber  
  89  7:29  Spore Crawler  
  94  7:32  Overseer  
  94  7:33  Overlord  
  94  7:34  Overlord  
  94  7:35  Pneumatized Carapace  
  91  8:01  Overlord x3  
  91  8:02  Hydralisk x9  
  109  8:06  Hydralisk x2  
  109  8:08  Hydralisk x2  
  109  8:10  Zerg Missile Weapons Level 1  
  117  8:13  Zerg Ground Armor Level 1  
  117  8:19  Drone  
  118  8:20  Drone x4  
  122  8:29  Spine Crawler  
  122  8:32  Overlord  
  121  8:34  Overlord  
  121  8:35  Overlord  
  121  8:41  Lurker x11  
  128  8:42  Lurker  
  128  8:43  Lurker  
  128  8:45  Hydralisk  
  128  8:46  Zergling x6  
  128  8:47  Zergling x2  
  140  8:53  Hydralisk x2  
  142  9:15  Spore Crawler  
  135  9:26  Drone x13  
  148  9:34  Extractor  
  148  9:35  Spore Crawler, Spine Crawler, Hydralisk  
  148  9:36  Spine Crawler  
  148  9:38  Extractor  
  143  9:39  Hydralisk x3  
  139  10:06  Overlord x2  
  139  10:09  Zerg Ground Armor Level 2, Zerg Missile Weapons Level 2, Muscular Augments  
  139  10:10  Infestation Pit  
  138  10:16  Hydralisk x2  
  138  10:17  Hydralisk x5  
  138  10:20  Overlord x4  
  144  10:44  Overlord  
  144  10:47  Roach  
  144  10:48  Hatchery, Hydralisk x9, Roach x6  
  144  10:49  Zergling x2  
  153  11:20  Zergling x4  
  153  11:21  Zergling x20  
  153  11:23  Hive  
  165  11:32  Spine Crawler x2  
  151  12:06  Drone  
  151  12:07  Drone x9  
  162  12:15  Lurker  
  162  12:16  Lurker x10  
  162  12:18  Hydralisk x11  
  175  13:20  Hydralisk x2, Roach x8  
  175  13:21  Roach  
  178  14:02  Overlord x3  
  175  14:05  Viper x4  
  175  14:06  Viper x2  
  190  14:12  Roach  
  190  14:13  Roach x2  
  190  14:16  Extractor  
  191  14:17  Extractor  
  191  14:18  Spore Crawler  
  191  14:19  Spore Crawler  
  191  14:20  Spine Crawler  
  191  14:21  Spine Crawler  
  145  14:40  Hydralisk, Roach x2  
  145  14:41  Hydralisk x5, Roach x4  
  154  15:14  Lurker  
  154  15:15  Lurker x2  
  157  15:25  Drone x7  
  157  15:28  Drone x5  
  169  15:41  Hatchery  
  168  15:53  Overlord x3  
  168  15:55  Overseer  
  168  16:00  Lurker x8  
  168  16:01  Hydralisk  
  168  16:02  Hydralisk x5, Roach x3  
  129  16:48  Viper x4  
  129  16:52  Hydralisk  
  129  16:53  Zergling x8  
  129  16:54  Zergling x2  
  129  17:20  Hydralisk  
  129  17:21  Hydralisk x5  
  129  17:22  Zergling x8  
  145  17:34  Spore Crawler x2  
  145  17:36  Spore Crawler  
  127  18:03  Hatchery  
  123  18:18  Overseer  
  123  18:19  Overseer  
  122  18:20  Hydralisk x9  
  136  18:36  Hydralisk x3  
  137  18:54  Hydralisk x6  
  149  19:02  Hatchery  
  148  19:16  Hatchery, Roach  
  148  19:17  Roach x7  
Tags
 
Add a new tag
Caveats
  • Supply blocks, unpowered buildings, or Contaminate may cause inaccurate times.
  • Supply counts are checked every 10 seconds.